Map: Galactic Process LE

Players

SortOf - Winner!

  • Race: Zerg Zerg
  • League: Master

Socke

  • Race: Protoss Protoss
  • League: Master

VOD

Have the link to the VOD?

Description

Time

  • Played on: Oct. 26, 2016, 5:28 a.m.
  • Length: 14:07
Show
View Real Time Build Order
Export as new Build Order

SortOf Zerg - Winner!

Build Orders: Hatch First 

Get SALT Encoding   

  12  0:01  Drone  
  13  0:13  Overlord  
  13  0:16  Drone  
  14  0:31  Drone x2  
  16  0:35  Drone  
  17  0:53  Unknown, Hatchery  
  17  0:55  Drone  
  17  0:59  Drone  
  17  1:04  Extractor  
  17  1:14  Spawning Pool  
  17  1:17  Drone  
  17  1:20  Drone  
  18  1:28  Drone  
  19  1:40  Overlord  
  19  1:55  Drone  
  20  2:01  Queen  
  20  2:02  Zergling x2  
  20  2:04  Queen, Unknown  
  20  2:05  Zergling x2  
  26  2:09  Metabolic Boost  
  26  2:14  Drone  
  27  2:16  Drone  
  29  2:22  Drone  
  29  2:27  Drone  
  30  2:37  Unknown, Hatchery  
  30  2:41  Zergling x2  
  30  2:43  Drone  
  31  2:48  Overlord  
  31  2:50  Drone  
  32  2:55  Drone  
  32  2:57  Pneumatized Carapace  
  33  3:01  Drone  
  33  3:05  Zergling x2  
  35  3:11  Drone x3  
  35  3:12  Drone  
  39  3:16  Overlord  
  39  3:21  Drone x2  
  39  3:22  Drone  
  39  3:26  Zergling x2  
  43  3:30  Zergling x2  
  44  3:34  Queen  
  44  3:38  Drone  
  47  3:42  Baneling Nest  
  47  3:44  Evolution Chamber  
  47  3:45  Drone  
  47  3:46  Drone x2  
  48  3:49  Unknown  
  48  4:00  Drone x2  
  50  4:06  Zergling x2  
  50  4:07  Zergling x6  
  50  4:09  Queen  
  55  4:13  Zergling x4  
  57  4:17  Zerg Melee Weapons Level 1  
  57  4:18  Overlord  
  57  4:22  Overlord  
  57  4:32  Overlord  
  57  4:37  Zergling x2  
  57  4:38  Zergling x14  
  65  4:45  Spine Crawler, Baneling x2  
  64  4:46  Spore Crawler, Baneling  
  64  4:50  Zergling x10  
  64  4:51  Zergling x4  
  70  4:55  Drone x3  
  73  5:00  Drone x2  
  73  5:01  Drone x2  
  74  5:07  Drone x3  
  68  5:17  Drone x2  
  68  5:19  Lair  
  68  5:20  Overlord  
  70  5:21  Drone x3  
  73  5:30  Drone x2  
  73  5:34  Baneling x2  
  74  5:36  Drone x4  
  74  5:37  Drone  
  78  5:43  Extractor  
  78  5:44  Queen  
  78  5:45  Extractor  
  78  5:46  Roach Warren  
  76  5:50  Drone x3  
  76  5:51  Overlord  
  76  5:54  Drone x2  
  76  5:55  Drone  
  82  5:59  Overlord  
  82  6:01  Drone x2  
  82  6:02  Overlord  
  84  6:05  Overlord  
  84  6:06  Overlord x2  
  83  6:12  Overlord  
  83  6:16  Overlord  
  82  6:19  Extractor  
  82  6:20  Extractor  
  82  6:21  Extractor  
  82  6:23  Drone  
  82  6:24  Drone  
  81  6:31  Unknown, Hatchery  
  81  6:32  Drone x2  
  92  6:33  Queen  
  92  6:35  Overlord  
  92  6:37  Queen  
  86  6:40  Queen, Baneling x4  
  86  6:43  Spore Crawler x2  
  85  6:49  Spore Crawler, Baneling  
  85  6:50  Baneling  
  84  6:55  Zergling x14  
  84  7:01  Spore Crawler  
  90  7:03  Spore Crawler, Baneling  
  90  7:04  Zergling x2  
  90  7:05  Zergling x8  
  93  7:08  Queen  
  93  7:11  Drone x2  
  93  7:12  Queen  
  93  7:13  Drone x2  
  93  7:14  Drone  
  100  7:20  Drone x2  
  100  7:21  Drone  
  100  7:22  Drone x3  
  106  7:27  Zerg Melee Weapons Level 2  
  106  7:28  Centrifical Hooks  
  106  7:32  Drone x2  
  106  7:35  Drone x3  
  111  7:42  Infestation Pit  
  111  7:43  Unknown  
  110  7:44  Queen  
  110  7:47  Drone x6  
  110  7:48  Drone x2  
  120  7:51  Overseer  
  120  8:00  Spore Crawler  
  120  8:01  Drone  
  120  8:02  Unknown, Hatchery, Drone x2  
  121  8:11  Zergling x2  
  121  8:12  Zergling x16  
  127  8:26  Zergling x2  
  127  8:27  Zergling x18  
  135  8:29  Overlord  
  135  8:31  Drone x3  
  135  8:33  Hive  
  139  8:47  Baneling x7  
  139  8:49  Zergling x2  
  139  8:50  Zergling x20  
  139  8:51  Unknown, Hatchery  
  139  8:52  Baneling x4  
  139  8:53  Baneling x5  
  148  8:59  Spire  
  147  9:04  Overlord x2  
  147  9:05  Baneling  
  147  9:07  Baneling x5  
  147  9:08  Baneling x3  
  147  9:13  Spore Crawler, Unknown, Overlord  
  147  9:14  Spore Crawler  
  145  9:22  Drone x3  
  145  9:23  Zergling x14  
  145  9:24  Zergling x6  
  153  9:28  Baneling x3  
  153  9:38  Zergling x10  
  153  9:41  Zergling x2  
  153  9:42  Zergling x16  
  156  9:55  Zergling x16  
  156  9:59  Adrenal Glands  
  156  10:00  Zerg Melee Weapons Level 3  
  156  10:01  Baneling x10  
  156  10:02  Unknown, Baneling x2  
  156  10:05  Zergling x10  
  156  10:06  Zergling x8  
  165  10:13  Drone x4  
  169  10:16  Baneling x8  
  169  10:17  Greater Spire  
  169  10:21  Spine Crawler  
  169  10:22  Baneling  
  169  10:23  Zergling x14  
  175  10:34  Zergling x16  
  180  10:42  Baneling x19  
  176  10:48  Zergling x12  
  177  10:58  Zergling x4  
  177  11:01  Baneling  
  177  11:02  Baneling x2  
  179  11:04  Overlord x2  
  179  11:05  Overlord  
  179  11:11  Spine Crawler x2  
  179  11:12  Spine Crawler x2, Baneling x2  
  175  11:24  Corruptor  
  175  11:25  Corruptor x6  
  168  11:34  Zergling x32  
  168  11:36  Zerg Flyer Weapons Level 1  
  184  11:41  Drone x3  
  184  11:44  Overlord  
  187  11:52  Zergling x2  
  187  11:53  Zergling x10  
  176  12:13  Baneling x18  
  176  12:14  Baneling, Zergling x2  
  176  12:15  Zergling x18  
  182  12:16  Zergling x2  
  177  12:24  Brood Lord x4  
  177  12:27  Zergling x4  
  177  12:28  Zergling x28  
  192  12:32  Brood Lord x2  
  192  12:35  Extractor  
  192  12:36  Extractor  
  194  12:48  Corruptor x2  
  191  12:55  Brood Lord  
  193  12:58  Baneling  
  193  12:59  Baneling x3, Unknown, Hatchery  
  193  13:02  Zergling x8  
  193  13:03  Zergling x8  
  195  13:12  Baneling  
  195  13:13  Baneling x2  
  195  13:18  Baneling x4  
  195  13:19  Baneling x6  
  195  13:26  Corruptor  
  195  13:35  Corruptor x2  
Show
View Real Time Build Order
Export as new Build Order

Socke Protoss 

Build Orders: Nexus First 

Get SALT Encoding   

  12  0:01  Probe (Chrono Boost)  
  13  0:11  Probe (Chrono Boost)  
  14  0:22  Probe (Chrono Boost), Pylon  
  15  0:40  Probe (Chrono Boost)  
  16  0:51  Probe (Chrono Boost)  
  17  0:59  Nexus, Unknown  
  17  1:09  Gateway  
  17  1:13  Probe (Chrono Boost)  
  17  1:18  Assimilator  
  18  1:24  Probe (Chrono Boost)  
  19  1:27  Assimilator  
  19  1:34  Probe (Chrono Boost)  
  20  1:40  Gateway  
  20  1:45  Probe (Chrono Boost)  
  21  1:55  Probe (Chrono Boost)  
  21  1:56  Cybernetics Core  
  22  2:06  Probe (Chrono Boost)  
  23  2:11  Unknown  
  23  2:12  Probe (Chrono Boost)  
  24  2:16  Probe (Chrono Boost)  
  26  2:22  Probe (Chrono Boost)  
  26  2:27  Probe (Chrono Boost)  
  26  2:29  Warp Gate  
  27  2:34  Probe (Chrono Boost)  
  27  2:35  Adept  
  27  2:36  Stalker  
  32  2:38  Probe (Chrono Boost)  
  34  2:44  Probe (Chrono Boost)  
  34  2:49  Twilight Council  
  34  2:50  Probe (Chrono Boost)  
  35  2:54  Pylon  
  35  2:57  Probe (Chrono Boost)  
  36  3:00  Probe (Chrono Boost)  
  37  3:07  Probe (Chrono Boost)  
  37  3:12  Adept, Probe (Chrono Boost)  
  41  3:14  Adept  
  41  3:17  Resonating Glaives  
  41  3:18  Probe (Chrono Boost)  
  44  3:22  Gateway  
  44  3:26  Pylon  
  45  3:27  Probe (Chrono Boost)  
  45  3:34  Probe (Chrono Boost)  
  46  3:40  Probe (Chrono Boost)  
  46  3:42  Assimilator  
  46  3:44  Adept  
  46  3:45  Adept  
  50  3:50  Probe (Chrono Boost)  
  50  3:53  Probe (Chrono Boost)  
  52  3:56  Assimilator  
  52  3:59  Pylon  
  52  4:02  Probe (Chrono Boost)  
  53  4:06  Probe (Chrono Boost)  
  54  4:17  Probe (Chrono Boost)  
  54  4:19  Probe (Chrono Boost), Pylon  
  54  4:20  Pylon  
  56  4:28  Mothership Core (Chrono Boost)  
  58  4:32  Stargate  
  58  4:33  Adept x2  
  58  4:34  Stargate  
  58  4:37  Adept  
  64  4:44  Probe (Chrono Boost)  
  64  4:45  Protoss Air Weapons Level 1  
  65  4:52  Nexus, Unknown  
  65  4:56  Probe (Chrono Boost)  
  65  4:57  Probe (Chrono Boost)  
  67  5:01  Adept  
  67  5:11  Adept x2  
  57  5:15  Probe (Chrono Boost)  
  57  5:19  Probe (Chrono Boost), Phoenix  
  56  5:23  Phoenix  
  61  5:29  Probe (Chrono Boost)  
  61  5:34  Adept x2  
  65  5:37  Adept  
  65  5:42  Probe (Chrono Boost)  
  68  5:47  Pylon  
  68  5:48  Probe (Chrono Boost)  
  68  5:49  Phoenix  
  69  5:54  Probe (Chrono Boost), Phoenix  
  72  6:00  Probe (Chrono Boost)  
  72  6:02  Adept  
  72  6:03  Unknown  
  77  6:06  Probe (Chrono Boost)  
  77  6:08  Probe (Chrono Boost)  
  74  6:12  Probe (Chrono Boost)  
  74  6:15  Phoenix  
  69  6:18  Probe (Chrono Boost)  
  69  6:19  Probe (Chrono Boost)  
  69  6:23  Phoenix  
  69  6:24  Probe (Chrono Boost)  
  73  6:32  Probe (Chrono Boost)  
  77  6:33  Probe (Chrono Boost)  
  77  6:37  Adept x2  
  77  6:39  Adept  
  83  6:42  Probe (Chrono Boost)  
  83  6:43  Probe (Chrono Boost)  
  85  6:49  Probe (Chrono Boost)  
  87  6:54  Probe x2 (Chrono Boost)  
  87  6:55  Robotics Facility  
  89  7:01  Probe (Chrono Boost)  
  89  7:05  Probe (Chrono Boost), Robotics Facility  
  89  7:06  Probe (Chrono Boost)  
  91  7:14  Probe (Chrono Boost), Phoenix  
  93  7:15  Probe (Chrono Boost)  
  96  7:24  Probe (Chrono Boost)  
  96  7:25  Forge  
  96  7:26  Probe x2 (Chrono Boost), Assimilator  
  96  7:27  Assimilator  
  98  7:30  Charge, Pylon  
  98  7:36  Probe (Chrono Boost)  
  100  7:38  Probe (Chrono Boost)  
  100  7:44  Probe (Chrono Boost)  
  101  7:48  Protoss Ground Weapons Level 1, Gateway, Pylon  
  101  7:50  Gateway  
  101  7:51  Immortal  
  107  7:59  Probe x2 (Chrono Boost)  
  107  8:02  Probe (Chrono Boost)  
  108  8:07  Immortal  
  108  8:11  Probe x2 (Chrono Boost)  
  115  8:14  Probe (Chrono Boost)  
  115  8:23  Probe (Chrono Boost)  
  115  8:24  Probe (Chrono Boost)  
  117  8:27  Gateway  
  117  8:29  Pylon  
  117  8:31  Pylon  
  117  8:33  Pylon  
  117  8:35  Gateway  
  117  8:36  Pylon  
  117  8:38  Photon Cannon  
  117  8:42  Immortal  
  122  8:49  Probe (Chrono Boost)  
  122  8:51  Templar Archives  
  122  8:54  Sentry  
  122  8:55  Zealot x4  
  136  9:05  Nexus, Unknown  
  136  9:09  Pylon  
  136  9:11  Pylon  
  135  9:26  Immortal  
  135  9:27  Zealot x6  
  144  9:47  Protoss Ground Weapons Level 2  
  144  9:52  Zealot x6, Immortal  
  130  10:00  Immortal  
  130  10:02  Probe x2 (Chrono Boost)  
  130  10:04  Pylon  
  130  10:06  Pylon  
  136  10:10  Psionic Storm  
  136  10:17  Unknown  
  136  10:21  High Templar x4  
  142  10:22  High Templar x2  
  142  10:27  Archon  
  149  10:29  Probe (Chrono Boost)  
  149  10:30  Probe x3 (Chrono Boost)  
  149  10:33  Zealot  
  145  10:50  Immortal  
  145  10:56  Probe x2 (Chrono Boost)  
  147  10:57  Gateway x2  
  148  11:05  Probe (Chrono Boost)  
  148  11:08  Probe (Chrono Boost), Fleet Beacon  
  148  11:10  Probe x2 (Chrono Boost)  
  148  11:11  High Templar x2  
  155  11:12  Pylon  
  155  11:17  Probe (Chrono Boost)  
  156  11:20  Archon  
  156  11:22  Zealot x3  
  156  11:23  Zealot  
  156  11:24  Immortal  
  131  11:31  Zealot  
  131  11:32  Zealot  
  134  11:37  Probe x2 (Chrono Boost)  
  134  11:38  Probe (Chrono Boost)  
  134  11:39  Nexus, Unknown  
  130  11:48  Protoss Shields Level 1  
  130  11:49  Probe x2 (Chrono Boost)  
  130  11:50  Probe (Chrono Boost)  
  130  11:52  High Templar x2  
  137  11:58  Immortal  
  137  11:59  Archon  
  137  12:01  Probe x2 (Chrono Boost)  
  137  12:07  Probe (Chrono Boost)  
  142  12:10  Adept  
  142  12:11  Adept x2  
  142  12:13  Probe (Chrono Boost)  
  149  12:17  Pylon  
  149  12:18  Pylon  
  149  12:19  Adept  
  149  12:20  Adept  
  138  12:36  Tempest, Gateway  
  142  12:37  Photon Cannon  
  142  12:40  Sentry x2  
  146  12:57  Pylon  
  146  12:58  Nexus, Unknown  
  145  13:02  Adept  
  145  13:03  Adept  
  149  13:12  Zealot  
  151  13:18  Tempest  
Tags
 
Add a new tag
Caveats
  • Supply blocks, unpowered buildings, or Contaminate may cause inaccurate times.
  • Supply counts are checked every 10 seconds.